 Dungeon Crawl Stone Soup version 0.22-b1-59-g0aedee734a (webtiles) character file.

1256 Pisosu the Shield-Bearer (level 8, -3/71 HPs)
             Began as a Minotaur Fighter on Aug 9, 2018.
             Killed from afar by a smoke demon (7 damage)
             ... with a ball of steam
             ... summoned by a kobold demonologist
             ... on level 6 of the Dungeon.
             The game lasted 00:19:33 (5154 turns).

Pisosu the Shield-Bearer (Minotaur Fighter)         Turns: 5154, Time: 00:19:35

Health: -3/71      AC: 11    Str: 23    XL:     8   Next: 26%
Magic:  7/7        EV: 10    Int: 11    God:
Gold:   335        SH:  5    Dex: 10    Spells: 7/7 levels left

rFire    + . .     SeeInvis .   z - +6 broad axe of Dissolution {flame, Int+6}
rCold    x . .     Gourm    .   (no shield)
rNeg     . . .     Faith    .   b - +0 scale mail
rPois    +         Spirit   .   (helmet restricted)
rElec    .         Reflect  +   Q - +2 cloak {+Inv}
rCorr    .         Harm     .   (no gloves)
MR       .....                  (no boots)
Stlth    ..........             s - +5 amulet of reflection
HPRegen  0.21/turn              i - ring of fire
MPRegen  0.10/turn              E - ring of poison resistance

@: liquid flames, glowing
A: retaliatory headbutt, horns 2
a: Evoke Invisibility


You were on level 6 of the Dungeon.
You were not hungry.

You visited 1 branch of the dungeon, and saw 6 of its levels.

You collected 335 gold pieces.

Inventory:

Hand Weapons
 z - the +6 broad axe of Dissolution (weapon) {flame, Int+6}
   (You found it on level 4 of the Dungeon)

   It has been specially enchanted to burn those struck by it, causing extra
   injury to most foes and up to half again as much damage against particularly
   susceptible opponents.
   Big, fiery blades are also staple armaments of hydra-hunters.
   It affects your intelligence (+6).
 F - a +1 flail of protection
 J - a +0 shortbow
 N - the +4 broad axe of the Thirteen Songs {vamp, +Rage MR+, unknown}
   (You found it on level 6 of the Dungeon)

   It inflicts no extra harm, but heals its wielder when it wounds a living foe.
   It affects your resistance to hostile enchantments.
   It lets you go berserk.
 P - a +3 quarterstaff of chaos
Missiles
 q - 22 poisoned needles
 u - 26 bolts
Armour
 b - a +0 scale mail (worn)
 c - a +0 shield
 Q - a +2 cloak of invisibility (worn)
Jewellery
 i - a ring of fire (left hand)
 s - a +5 amulet of reflection (around neck)
 E - a ring of poison resistance (right hand)
Wands
 a - a wand of scattershot (4)
 C - a wand of iceblast (13)
 L - a wand of paralysis (16)
 M - a wand of digging (9)
Scrolls
 e - a scroll of enchant armour {unknown}
 g - 3 scrolls of fear
 h - a scroll of remove curse
 k - a scroll of immolation
 o - 3 scrolls of amnesia
 r - a scroll of fog {unknown}
 y - a scroll of enchant weapon {unknown}
 D - a scroll of teleportation {unknown}
 O - a scroll of magic mapping {unknown}
Potions
 d - 2 potions of might
 j - 6 potions of curing {unknown}
 l - 2 potions of mutation {unknown}
 m - 2 potions of brilliance {unknown}
 n - 2 potions of resistance {unknown}
 w - 2 potions of flight {unknown}
 x - 2 potions of heal wounds {unknown}
 A - a potion of lignification {unknown}
 B - 2 potions of cancellation {unknown}
 G - a potion of degeneration {unknown}
 H - a potion of agility {unknown}
Comestibles
 f - 6 rations


   Skills:
 + Level 6.5 Fighting
 + Level 0.7(3.5) Axes
 - Level 5.6 Maces & Flails
 + Level 0.1 Bows
 + Level 7.4 Armour
 + Level 7.5 Shields


You had 7 spell levels left.
You didn't know any spells.
Your spell library was empty.

Dungeon Overview and Level Annotations

Branches:
Dungeon (6/15)
 Temple: D:4-7

Altars:
Ashenzari
Fedhas
The Shining One

Annotations:
D:6 1 transporter


Innate Abilities, Weirdness & Mutations

You reflexively headbutt those who attack you in melee.
You have a pair of horns on your head.


Message History

* * * LOW HITPOINT WARNING * * *
You barely miss the smoke demon.
The smoke demon is severely wounded.
You slash the plant! You burn the plant. You slash the plant!
You burn the plant. The smoke demon gestures at you. The sticky flame hits you!
You are covered in liquid flames!
The orc priest mumbles some strange prayers to Beogh against you.
Beogh smites you!
* * * LOW HITPOINT WARNING * * *
The shadow imp disappears for a moment.
You closely miss the smoke demon.
The smoke demon is severely wounded.
You hit the plant. You burn the plant. You hit the plant but do no damage.
You are covered in liquid flames!
* * * LOW HITPOINT WARNING * * *
The smoke demon gestures at you. The ball of steam hits you! You resist.
You die...

###........#########.....##
###########..............##..##
##.....#...)....#......[..###..#
##.........................#
##.#
#....................#.##### #..
#.............©......#.# ###
#.........#########....#
#.........#8P.©.P8#....#
#.........#P.(.3@P#..#.# ##
##........####'####....###### #.
##.......#5≈..(≈5#..#......# ##.
######..#o≈...≈K#..#.####.###..
#..#o≈≈P≈≈o#..#.## #......
#..#5≈≈⌠≈≈5#..#..######..#
#..#.≈P≈≈≈.#..#<........##
#..#.≈...≈.#..#..########
#))#5≈...≈o#.........####


You could see a kobold demonologist, a smoke demon, 3 orc priests, 3 shadow imps
and an ufetubus.

Vanquished Creatures
  A phantom (D:6)
  3 ogres
  A centaur (D:6)
  A bullfrog (D:6)
  A scorpion (D:4)
  A crimson imp (D:5)
  An orc wizard (D:6)
  2 hounds
  An orc priest (D:6)
  Crazy Yiuf (D:6)
  A centaur skeleton (D:6)
  A jelly (D:6)
  A bullfrog skeleton (D:4)
  3 iguanas
  2 worker ants (D:5)
  A hound skeleton (D:6)
  A worker ant zombie (D:2)
  A howler monkey skeleton (D:6)
  13 adders
  2 oozes
  3 worms (D:2)
  2 dart slugs (D:3)
  A leopard gecko (D:1)
  10 orcs
  5 giant cockroaches
  6 goblins
  5 hobgoblins
  18 jackals
  9 kobolds
  2 quokkas
  4 bats
  6 frilled lizards
  6 rats
116 creatures vanquished.

Vanquished Creatures (others)
  A centaur (D:6)
1 creature vanquished.

Grand Total: 117 creatures vanquished

Notes
Turn   | Place    | Note
-------+----------+-------------------------------------------
     0 | D:1      | Pisosu the Minotaur Fighter began the quest for the Orb.
     0 | D:1      | Reached XP level 1. HP: 19/19 MP: 0/0
    38 | D:1      | Reached XP level 2. HP: 27/27 MP: 1/1
   482 | D:1      | Reached XP level 3. HP: 32/33 MP: 2/2
  1231 | D:2      | Reached XP level 4. HP: 33/40 MP: 3/3
  2085 | D:3      | Found a glowing golden altar of the Shining One.
  2355 | D:3      | Reached XP level 5. HP: 47/47 MP: 4/4
  3012 | D:4      | Reached skill level 5 in Maces & Flails
  3012 | D:4      | Reached skill level 5 in Shields
  3012 | D:4      | Reached XP level 6. HP: 37/55 MP: 5/5
  3283 | D:4      | Reached skill level 5 in Fighting
  3283 | D:4      | Reached skill level 5 in Armour
  3511 | D:4      | Got a faintly glowing broad axe
  3788 | D:4      | Found a shattered altar of Ashenzari.
  3799 | D:5      | Entered Level 5 of the Dungeon
  4105 | D:5      | Reached XP level 7. HP: 42/61 MP: 6/6
  4543 | D:6      | Noticed a kobold demonologist
  4547 | D:6      | Found a transporter.
  4610 | D:6      | Found a blossoming altar of Fedhas.
  4653 | D:6      | Got a warped broad axe
  4657 | D:6      | Found a transporter.
  4687 | D:6      | Reached XP level 8. HP: 57/70 MP: 7/7
  4748 | D:6      | Found a runed door.
  4824 | D:6      | Noticed Crazy Yiuf
  4834 | D:6      | Killed Crazy Yiuf
  4875 | D:6      | Identified the +6 broad axe of Dissolution {flame, Int+6} (You found it on level 4 of the Dungeon)
  5146 | D:6      | Noticed a smoke demon
  5154 | D:6      | HP: 3/71 [burnt (4)]
  5154 | D:6      | Killed from afar by a smoke demon

Skill      XL: |  1  2  3  4  5  6  7 |
---------------+----------------------+-----
Fighting       | 4 5 6 |  6.5
Shields        | 4 5 7 |  7.5
Armour         | 4 5 7 |  7.4
Maces & Flails | 3 4 5 |  5.6
Axes           | |  0.7
Bows           | |  0.1

Action                   |  1- 3 |  4- 6 |  7- 9 || total
-------------------------+-------+-------+-------++-------
Melee: Flail             |    89 |    28 |       ||   117
       Headbutt          |    13 |    40 |    22 ||    75
       Mace              |       |   158 |    78 ||   236
       Broad axe         |       |       |    10 ||    10
 Fire: Shortbow          |       |       |    19 ||    19
Throw: Javelin           |       |       |    11 ||    11
  Use: Scroll            |       |     4 |     1 ||     5
  Eat: Chunk             |     1 |     9 |     3 ||    13
       Ration            |       |       |     1 ||     1
Armor: Scale mail        |    69 |    55 |    22 ||   146
Dodge: Dodged            |    38 |    43 |    13 ||    94
Block: Shield            |    64 |   102 |    51 ||   217
       Reflection        |       |       |     4 ||     4
       Other             |       |       |     5 ||     5
